TOP OF THE 1ST |
University of Nebraska Cornhuskers batting - Pitching for University of Maine Black Bears : RHP Tat Gu
|
Pitching: RHP Tat Gu
|
|
Batting: RHB Carlos Salazar
|
0-0: SINGLE (Groundball, 56D, EV 101.9 MPH)
|
Batting: RHB Danny Forbes
|
0-0: Ball Carlos Salazar steals 2nd base (no throw) 1-0: Ball 2-0: Ball 3-0: Called Strike 3-1: Base on Balls
|
Batting: RHB Mario Lopec
|
0-0: Called Strike 0-1: Ball 1-1: Fielders Choice at 2nd, 6-4 (Groundball, 6, EV 80.0 MPH) Carlos Salazar to third
|
Pitching: RHP Shizue Morimoto
|
|
Batting: LHB Mike Rawson
|
0-0: Called Strike Mario Lopec is caught stealing 2nd base 2-6 0-1: Swinging Strike 0-2: Ball 1-2: Ball 2-2: Ball 3-2: Strikes out looking
|
Top of the 1st over - 0 runs, 1 hit, 0 errors, 1 left on base; University of Nebraska 0 - University of Maine 0 |
BOTTOM OF THE 1ST |
University of Maine Black Bears batting - Pitching for University of Nebraska Cornhuskers : RHP Reshid Menderes
|
Pitching: RHP Reshid Menderes
|
|
Batting: RHB Wang Huan
|
0-0: Ball 1-0: Foul Ball, location: 2F 1-1: Foul Ball, location: 2F 1-2: Foul Ball, location: 2F 1-2: Ball 2-2: Ball 3-2: Foul Ball, location: 2F 3-2: Base on Balls
|
Batting: SHB Mario Barajas
|
0-0: Ball Wang Huan steals 2nd base (no throw) 1-0: Ball 2-0: Foul Ball, location: 2F 2-1: Single, Error in OF, E8, batter to second base (Groundball, 4MD, EV 105.6 MPH) Wang Huan scores
|
Batting: LHB Seung Pack
|
0-0: Ball 1-0: Foul Ball, location: 2F 1-1: Swinging Strike 1-2: Ball 2-2: SINGLE (Groundball, 34S, EV 67.5 MPH) (infield hit) Mario Barajas to third
|
Batting: LHB Ed Leighton
|
0-0: Ball 1-0: Ball Seung Pack is caught stealing 2nd base 2-6 2-0: Swinging Strike 2-1: Swinging Strike 2-2: Strikes out looking
|
Batting: RHB Alex Day
|
0-0: SINGLE (Groundball, 4S, EV 75.6 MPH) (infield hit) Mario Barajas scores
|
Batting: LHB Osmo Leino
|
0-0: Foul Ball, location: 2F 0-1: Ball 1-1: Ball 2-1: SINGLE (Groundball, 6MD, EV 101.9 MPH) Alex Day to second
|
Batting: LHB Steve Thomas
|
0-0: Called Strike 0-1: Foul Ball, location: 2F 0-2: Ball 1-2: 3-RUN HOME RUN (Flyball, 9D, EV 96.9 MPH), Distance : 381 ft
|
Batting: SHB Ron Handford
|
0-0: Swinging Strike 0-1: Swinging Strike 0-2: Strikes out swinging
|
Bottom of the 1st over - 5 runs, 5 hits, 1 error, 0 left on base; University of Nebraska 0 - University of Maine 5 |
TOP OF THE 2ND |
University of Nebraska Cornhuskers batting - Pitching for University of Maine Black Bears : RHP Shizue Morimoto
|
Batting: LHB Kevin Brannon
|
0-0: Called Strike 0-1: Called Strike 0-2: Ball 1-2: Ball 2-2: Foul Ball, location: 2F 2-2: SINGLE (Groundball, 6M, EV 101.2 MPH) (infield hit)
|
Batting: SHB Phil Roper
|
0-0: Ball 1-0: Foul Ball, location: 2F 1-1: Ball 2-1: Fly out, F5 (Popup, 5F, EV 60.0 MPH)
|
Batting: RHB Alex Garcia
|
0-0: Grounds into double play, 6-4-3 (Groundball, 6, EV 85.0 MPH)
|
Top of the 2nd over - 0 runs, 1 hit, 0 errors, 0 left on base; University of Nebraska 0 - University of Maine 5 |
BOTTOM OF THE 2ND |
University of Maine Black Bears batting - Pitching for University of Nebraska Cornhuskers : RHP Reshid Menderes
|
Batting: LHB Lance Widdison
|
0-0: Ball 1-0: Ball 2-0: Called Strike 2-1: Foul Ball, location: 2F 2-2: Reached on error, E5 (Groundball, 5, EV 106.2 MPH)
|
Batting: RHB Wang Huan
|
0-0: Swinging Strike 0-1: Fly out, F9 (Line Drive, 9S, EV 92.5 MPH)
|
Batting: SHB Mario Barajas
|
0-0: Ball 1-0: Ball 2-0: Ball 3-0: Swinging Strike 3-1: SINGLE (Flyball, 34D, EV 95.6 MPH) Lance Widdison to second
|
Pitching: RHP Joe Hunter
|
|
Batting: LHB Seung Pack
|
0-0: Called Strike 0-1: SINGLE (Groundball, 4M, EV 101.9 MPH) (infield hit) Lance Widdison to third Mario Barajas to second
|
Batting: LHB Ed Leighton
|
0-0: Called Strike 0-1: Ball 1-1: Ball 2-1: Foul Ball, location: 2F 2-2: Strikes out swinging
|
Batting: RHB Alex Day
|
0-0: Reached on error, E4 (Groundball, 4, EV 105.6 MPH) Lance Widdison scores Mario Barajas scores Seung Pack to third
|
Batting: LHB Osmo Leino
|
0-0: Swinging Strike 0-1: Ball 1-1: Ball 2-1: Ball 3-1: Base on Balls
|
Batting: LHB Steve Thomas
|
0-0: Ball 1-0: Ball 2-0: Ball 3-0: Called Strike 3-1: Base on Balls Seung Pack scores Alex Day to third Osmo Leino to second
|
Batting: SHB Ron Handford
|
0-0: Ball 1-0: Swinging Strike 1-1: Foul Ball, location: 2F 1-2: Foul Ball, location: 2F 1-2: Ball 2-2: Ball 3-2: Base on Balls Alex Day scores Osmo Leino to third Steve Thomas to second
|
Batting: LHB Lance Widdison
|
0-0: Fielders Choice at 2nd, 6-4 (Groundball, 6, EV 107.5 MPH)
|
Bottom of the 2nd over - 4 runs, 2 hits, 2 errors, 3 left on base; University of Nebraska 0 - University of Maine 9 |
TOP OF THE 3RD |
University of Nebraska Cornhuskers batting - Pitching for University of Maine Black Bears : RHP Shizue Morimoto
|
Batting: LHB Brock Ebeling
|
0-0: Called Strike 0-1: Ball 1-1: Swinging Strike 1-2: Ball 2-2: Foul Ball, location: 2F 2-2: Strikes out swinging
|
Batting: RHB Michael de Gelder
|
0-0: Ball 1-0: Foul Ball, location: 2F 1-1: Ball 2-1: Ball 3-1: Foul Ball, location: 2F 3-2: Strikes out swinging
|
Batting: RHB Carlos Salazar
|
0-0: Ball 1-0: Called Strike 1-1: Ball 2-1: Called Strike 2-2: Ground out 2-3 (Groundball, 2L, EV 71.9 MPH)
|
Top of the 3rd over - 0 runs, 0 hits, 0 errors, 0 left on base; University of Nebraska 0 - University of Maine 9 |
BOTTOM OF THE 3RD |
University of Maine Black Bears batting - Pitching for University of Nebraska Cornhuskers : RHP Joe Hunter
|
Batting: RHB Wang Huan
|
0-0: Reached on error, E6 (Groundball, 6, EV 85.6 MPH)
|
Batting: SHB Mario Barajas
|
0-0: Ball 1-0: Ball 2-0: Ball 3-0: Called Strike 3-1: Called Strike 3-2: DOUBLE (Groundball, 3L, EV 98.1 MPH) Wang Huan to third
|
Pinch Hitting: RHB Kevin Baker
|
0-0: Ball 1-0: Called Strike 1-1: Ball 2-1: Foul Ball, location: 2F 2-2: Ball 3-2: Foul Ball, location: 2F 3-2: Base on Balls
|
Batting: LHB Ed Leighton
|
0-0: Swinging Strike 0-1: Called Strike 0-2: Ball 1-2: Ball 2-2: Strikes out looking
|
Batting: LHB John Knox
|
0-0: Fielders Choice at 2nd, 3-6 (Groundball, 34, EV 76.2 MPH) Wang Huan scores Mario Barajas to third
|
Batting: LHB Osmo Leino
|
0-0: Ball 1-0: Swinging Strike 1-1: Foul Ball, location: 2F 1-2: Foul Ball, location: 2F 1-2: Foul Ball, location: 2F 1-2: Ball 2-2: Strikes out swinging
|
Bottom of the 3rd over - 1 run, 1 hit, 1 error, 2 left on base; University of Nebraska 0 - University of Maine 10 |
TOP OF THE 4TH |
University of Nebraska Cornhuskers batting - Pitching for University of Maine Black Bears : RHP Shizue Morimoto
|
Pitching: RHP Chris Liddie
|
|
Now in LF: Lance Widdison
|
|
Now in CF: Kevin Baker
|
|
Batting: RHB Danny Forbes
|
0-0: Ball 1-0: Called Strike 1-1: Foul Ball, location: 2F 1-2: Ball 2-2: Ground out 6-3 (Groundball, 6, EV 86.2 MPH)
|
Batting: RHB Mario Lopec
|
0-0: Ball 1-0: Foul Ball, location: 2F 1-1: Ball 2-1: Ground out 6-3 (Groundball, 6, EV 88.8 MPH)
|
Batting: LHB Mike Rawson
|
0-0: Ball 1-0: Called Strike 1-1: Swinging Strike 1-2: Strikes out swinging
|
Top of the 4th over - 0 runs, 0 hits, 0 errors, 0 left on base; University of Nebraska 0 - University of Maine 10 |
BOTTOM OF THE 4TH |
University of Maine Black Bears batting - Pitching for University of Nebraska Cornhuskers : RHP Joe Hunter
|
Pinch Hitting: RHB Wang-fen Yang
|
0-0: Called Strike 0-1: Ball 1-1: Fly out, F7 (Flyball, 7LM, EV 83.1 MPH)
|
Batting: SHB Ron Handford
|
0-0: Ball 1-0: Foul Ball, location: 2F 1-1: Ball 2-1: Ball 3-1: Base on Balls
|
Pitching: LHP Vaughan Schultz
|
|
Batting: LHB Lance Widdison
|
0-0: Ball 1-0: Ball 2-0: Ball 3-0: Base on Balls Ron Handford to second
|
Pinch Hitting: RHB Justin Degon
|
0-0: Called Strike 0-1: Foul Ball, location: 2F 0-2: Strikes out swinging
|
Pinch Hitting: RHB Rewa Havika
|
0-0: Called Strike 0-1: DOUBLE (Flyball, 89D, EV 102.5 MPH) Ron Handford scores Lance Widdison to third Runner from 3rd tries for Home, SAFE, throw by RF to home
|
Batting: RHB Kevin Baker
|
0-0: Foul Ball, location: 2F 0-1: Ball 1-1: Foul Ball, location: 2F 1-2: SINGLE (Groundball, 6, EV 95.6 MPH) Rewa Havika to third Runner from 3rd tries for Home, SAFE, throw by CF to home
|
Pinch Hitting: RHB Julio Villanueva
|
0-0: Foul Ball, location: 2F 0-1: Ball 1-1: Ball 2-1: Ball 3-1: Base on Balls Kevin Baker to second
|
Batting: LHB John Knox
|
0-0: Ball 1-0: Foul Ball, location: 2F 1-1: 3-RUN HOME RUN (Flyball, 9LD, EV 90.6 MPH), Distance : 340 ft
|
Pitching: LHP Steve Wochner
|
|
Pinch Hitting: LHB John Bergeron
|
0-0: Called Strike 0-1: Swinging Strike 0-2: Foul Ball, location: 2F 0-2: Ball 1-2: Foul Ball, location: 2F 1-2: Strikes out swinging
|
Bottom of the 4th over - 6 runs, 3 hits, 0 errors, 0 left on base; University of Nebraska 0 - University of Maine 16 |
TOP OF THE 5TH |
University of Nebraska Cornhuskers batting - Pitching for University of Maine Black Bears : RHP Chris Liddie
|
Now at 1B: Bryan Douglas
|
|
Now at 2B: Justin Degon
|
|
Now at 3B: Rewa Havika
|
|
Now at SS: Wang-fen Yang
|
|
Now in RF: John Bergeron
|
|
Batting: LHB Kevin Brannon
|
0-0: Ball 1-0: Ball 2-0: Swinging Strike 2-1: Ball 3-1: Foul Ball, location: 2F 3-2: Base on Balls
|
Batting: SHB Phil Roper
|
0-0: Ball 1-0: Ball Kevin Brannon steals 2nd base 2-0: Swinging Strike 2-1: Called Strike 2-2: Ball 3-2: Base on Balls
|
Batting: RHB Alex Garcia
|
0-0: Ball 1-0: Grounds into double play, 6-4-3 (Groundball, 6, EV 82.5 MPH) Kevin Brannon to third
|
Batting: LHB Brock Ebeling
|
0-0: Reached on error, E7 (Flyball, 78S, EV 92.5 MPH) Kevin Brannon scores
|
Batting: RHB Michael de Gelder
|
0-0: SINGLE (Flyball, 34D, EV 95.0 MPH) Brock Ebeling to third
|
Pinch Hitting: SHB Gary Luckwell
|
0-0: Ball 1-0: Ball 2-0: Called Strike 2-1: TRIPLE (Flyball, 89XD, EV 100.0 MPH) Brock Ebeling scores Michael de Gelder scores
|
Batting: RHB Danny Forbes
|
0-0: Ball 1-0: Foul Ball, location: 2F 1-1: Ground out 4-3 (Groundball, 4, EV 88.1 MPH)
|
Top of the 5th over - 3 runs, 2 hits, 1 error, 1 left on base; University of Nebraska 3 - University of Maine 16 |
BOTTOM OF THE 5TH |
University of Maine Black Bears batting - Pitching for University of Nebraska Cornhuskers : LHP Steve Wochner
|
Pitching: RHP Tony Perez
|
|
Now at C: Will England
|
|
Now at 1B: Charlie Lutz
|
|
Now at 2B: Gary Luckwell
|
|
Now in CF: Andy Henn
|
|
Now in RF: Avicenna Abdul-Muta'al
|
|
Batting: RHB Wang-fen Yang
|
0-0: Ball 1-0: Ball 2-0: Foul Ball, location: 2F 2-1: Ball 3-1: SOLO HOME RUN (Flyball, 7D, EV 101.2 MPH), Distance : 401 ft
|
Batting: SHB Ron Handford
|
0-0: Swinging Strike 0-1: Foul Ball, location: 2F 0-2: Strikes out swinging
|
Batting: LHB Lance Widdison
|
0-0: Swinging Strike 0-1: Called Strike 0-2: Foul Ball, location: 2F 0-2: Ground out 5-3 (Groundball, 5S, EV 85.0 MPH)
|
Pitching: LHP Sergio Laureano
|
|
Batting: RHB Justin Degon
|
0-0: Foul Ball, location: 2F 0-1: Foul Ball, location: 2F 0-2: Ground out 5-3 (Groundball, 56S, EV 79.4 MPH)
|
Bottom of the 5th over - 1 run, 1 hit, 0 errors, 0 left on base; University of Nebraska 3 - University of Maine 17 |
TOP OF THE 6TH |
University of Nebraska Cornhuskers batting - Pitching for University of Maine Black Bears : RHP Chris Liddie
|
Pitching: RHP Noah Johnson
|
|
Pinch Hitting: RHB Tariq Garane
|
0-0: DOUBLE (Line Drive, 9LM, EV 115.0 MPH)
|
Pinch Hitting: LHB Bob Appleby
|
0-0: Ball 1-0: Ball 2-0: Ground out 1-3 (Groundball, 34S, EV 66.9 MPH) Tariq Garane to third
|
Batting: LHB Avicenna Abdul-Muta'al
|
0-0: Ball 1-0: Ball 2-0: Foul Ball, location: 2F 2-1: Foul Ball, location: 2F 2-2: Fly out, F3 (Popup, 23F, EV 79.4 MPH)
|
Batting: RHB Charlie Lutz
|
0-0: Foul Ball, location: 2F 0-1: Ball 1-1: Ball 2-1: Swinging Strike 2-2: Strikes out swinging
|
Top of the 6th over - 0 runs, 1 hit, 0 errors, 1 left on base; University of Nebraska 3 - University of Maine 17 |
BOTTOM OF THE 6TH |
University of Maine Black Bears batting - Pitching for University of Nebraska Cornhuskers : LHP Sergio Laureano
|
Now at SS: Tariq Garane
|
|
Now in LF: Bob Appleby
|
|
Batting: RHB Rewa Havika
|
0-0: Swinging Strike 0-1: Fly out, F9 (Flyball, 89S, EV 93.1 MPH)
|
Batting: RHB Kevin Baker
|
0-0: Ball 1-0: Called Strike 1-1: Foul Ball, location: 2F 1-2: Ground out 4-3 (Groundball, 4M, EV 79.4 MPH)
|
Batting: RHB Bryan Douglas
|
0-0: Ball 1-0: Called Strike 1-1: Swinging Strike 1-2: Ball 2-2: Ground out 5-3 (Groundball, 56, EV 101.9 MPH)
|
Bottom of the 6th over - 0 runs, 0 hits, 0 errors, 0 left on base; University of Nebraska 3 - University of Maine 17 |
TOP OF THE 7TH |
University of Nebraska Cornhuskers batting - Pitching for University of Maine Black Bears : RHP Noah Johnson
|
Batting: SHB Andy Henn
|
0-0: Called Strike 0-1: Foul Ball, location: 2F 0-2: Strikes out swinging
|
Batting: RHB Will England
|
0-0: Ball 1-0: Ball 2-0: Ground out U3 (Groundball, 3, EV 81.9 MPH)
|
Batting: RHB Aidan Collet
|
0-0: Called Strike 0-1: Foul Ball, location: 2F 0-2: Strikes out swinging
|
Top of the 7th over - 0 runs, 0 hits, 0 errors, 0 left on base; University of Nebraska 3 - University of Maine 17 |
BOTTOM OF THE 7TH |
University of Maine Black Bears batting - Pitching for University of Nebraska Cornhuskers : LHP Sergio Laureano
|
Now at 3B: Tim Bond
|
|
Batting: LHB Dave Aguilar
|
0-0: Ball 1-0: Foul Ball, location: 2F 1-1: Ball 2-1: Ball 3-1: Ground out 4-3 (Groundball, 34D, EV 101.9 MPH)
|
Batting: LHB John Bergeron
|
0-0: Called Strike 0-1: Ground out 4-3 (Groundball, 4, EV 89.4 MPH)
|
Batting: RHB Wang-fen Yang
|
0-0: Ball 1-0: Foul Ball, location: 2F 1-1: Hit by Pitch
|
Batting: SHB Ron Handford
|
0-0: Ball 1-0: Ball 2-0: Called Strike 2-1: Swinging Strike 2-2: Ball 3-2: Strikes out looking
|
Bottom of the 7th over - 0 runs, 0 hits, 0 errors, 1 left on base; University of Nebraska 3 - University of Maine 17 |
TOP OF THE 8TH |
University of Nebraska Cornhuskers batting - Pitching for University of Maine Black Bears : RHP Noah Johnson
|
Pitching: RHP Dan Cardinal
|
|
Batting: SHB Gary Luckwell
|
0-0: Called Strike 0-1: Called Strike 0-2: Strikes out swinging
|
Batting: RHB Tim Bond
|
0-0: Foul Ball, location: 2F 0-1: Ball 1-1: Called Strike 1-2: Foul Ball, location: 2F 1-2: Ball 2-2: Strikes out swinging
|
Batting: RHB Tariq Garane
|
0-0: Ball 1-0: Ball 2-0: Called Strike 2-1: Foul Ball, location: 2F 2-2: Strikes out swinging
|
Top of the 8th over - 0 runs, 0 hits, 0 errors, 0 left on base; University of Nebraska 3 - University of Maine 17 |
BOTTOM OF THE 8TH |
University of Maine Black Bears batting - Pitching for University of Nebraska Cornhuskers : LHP Sergio Laureano
|
Pitching: RHP Alessandro Cuoco
|
|
Batting: LHB Lance Widdison
|
0-0: Called Strike 0-1: Swinging Strike 0-2: Strikes out swinging, 2-3 out at first.
|
Batting: RHB Justin Degon
|
0-0: Ball 1-0: Swinging Strike 1-1: Foul Ball, location: 2F 1-2: Strikes out swinging
|
Batting: RHB Rewa Havika
|
0-0: Ball 1-0: Ball 2-0: Ball 3-0: Called Strike 3-1: SINGLE (Line Drive, 9S, EV 95.6 MPH)
|
Batting: RHB Kevin Baker
|
0-0: Called Strike 0-1: Fly out, F9 (Flyball, 89M, EV 96.9 MPH)
|
Bottom of the 8th over - 0 runs, 1 hit, 0 errors, 1 left on base; University of Nebraska 3 - University of Maine 17 |
TOP OF THE 9TH |
University of Nebraska Cornhuskers batting - Pitching for University of Maine Black Bears : RHP Dan Cardinal
|
Pitching: RHP Nate Adams
|
|
Batting: LHB Bob Appleby
|
0-0: Called Strike 0-1: Ball 1-1: Ball 2-1: Ball 3-1: Base on Balls
|
Batting: LHB Avicenna Abdul-Muta'al
|
0-0: SINGLE (Line Drive, 56, EV 100.0 MPH) Bob Appleby to second
|
Pinch Hitting: RHB Matt Peters
|
0-0: Ball 1-0: Foul Ball, location: 2F 1-1: Ball 2-1: Foul Ball, location: 2F 2-2: Foul Ball, location: 2F 2-2: Foul Ball, location: 2F 2-2: Ball 3-2: Foul Ball, location: 2F 3-2: Foul Ball, location: 2F 3-2: Hit by Pitch Bob Appleby to third Avicenna Abdul-Muta'al to second
|
Batting: SHB Andy Henn
|
0-0: Foul Ball, location: 2F 0-1: Ball 1-1: Ball 2-1: Foul Ball, location: 2F 2-2: SINGLE (Groundball, 34D, EV 106.9 MPH) Bob Appleby scores Avicenna Abdul-Muta'al to third Matt Peters to second
|
Pinch Hitting: LHB Jorge Morales
|
0-0: Called Strike 0-1: Ball 1-1: Swinging Strike 1-2: Strikes out swinging
|
Batting: RHB Aidan Collet
|
0-0: Foul Ball, location: 2F 0-1: Swinging Strike 0-2: DOUBLE (Flyball, 8LXD, EV 109.4 MPH) Avicenna Abdul-Muta'al scores Matt Peters scores Andy Henn to third
|
Batting: SHB Gary Luckwell
|
0-0: Foul Ball, location: 2F 0-1: Swinging Strike 0-2: Ground out U3 (Groundball, 3, EV 78.1 MPH)
|
Pinch Hitting: RHB Salvador Guillen
|
0-0: Ball 1-0: Swinging Strike 1-1: Foul Ball, location: 2F 1-2: Ball 2-2: Ball 3-2: Strikes out swinging
|
Top of the 9th over - 3 runs, 3 hits, 0 errors, 2 left on base; University of Nebraska 6 - University of Maine 17 |
|